 Dungeon Crawl Stone Soup version 0.18.1-50-g88ac8fd (webtiles) character file.

2750 lorenzova the Fighter (level 9, -3/88 HPs)
             Began as a Deep Dwarf Fighter on Oct 11, 2016.
             Was a Priest of Makhleb.
             Slain by a killer bee (5 damage)
             ... on level 7 of the Dungeon.
             The game lasted 00:13:23 (5474 turns).

lorenzova the Fighter (Deep Dwarf Fighter)          Turns: 5474, Time: 00:13:24

Health: -3/88      AC:  8    Str: 22    XL:     9   Next: 41%
Magic:  6/6        EV:  9    Int: 10    God:    Makhleb [***...]
Gold:   350        SH: 10    Dex: 12    Spells: 0 memorised, 8 levels left

rFire  . . .     SeeInvis +     a - +0 war axe
rCold  . . .     Gourm    .     b - +0 scale mail
rNeg   . . .     Faith    .     c - +0 shield
rPois  .         Spirit   .     (no helmet)
rElec  .         Dismiss  .     (no cloak)
rCorr  .         Reflect  .     y - +0 pair of gloves (curse)
SustAt .         Harm     .     (no boots)
MR     +....                    u - amulet of magic regeneration
Stlth  ..........               (no ring)
                                p - ring of see invisible

@: lethally poisoned (-3 -> -10), non-regenerating, heavily drained, somewhat
resistant to hostile enchantments, extremely unstealthy
A: damage resistance, recharge devices, mutation resistance 1, sense
surroundings 2, slow regeneration 3
a: Device Recharging, Minor Destruction, Lesser Servant of Makhleb, Renounce
Religion


You were on level 7 of the Dungeon.
You worshipped Makhleb.
Makhleb was most pleased with you.
You were hungry.

You visited 1 branch of the dungeon, and saw 7 of its levels.

You collected 350 gold pieces.

Inventory:

Hand Weapons
 a - a +0 war axe (weapon)
Armour
 b - a +0 scale mail (worn)
 c - a +0 shield (worn)
 y - a cursed +0 pair of gloves (worn)
Jewellery
 p - a ring of see invisible (left hand)
 u - an amulet of magic regeneration (around neck)
Wands
 e - a wand of heal wounds (1/9)
 s - a wand of confusion (19/48)
 t - a wand of digging (12/24)
 v - a wand of flame (16/48)
Scrolls
 g - 2 scrolls of immolation {unknown}
 i - a scroll of enchant weapon {unknown}
 j - 2 scrolls of blinking {unknown}
 o - 3 scrolls of remove curse {unknown}
 q - a scroll of enchant armour {unknown}
 w - a scroll of amnesia {unknown}
 x - a scroll of recharging {unknown}
 E - a scroll of fear {unknown}
 F - 2 scrolls of fog {unknown}
 H - a scroll of brand weapon {unknown}
 I - a scroll of noise {unknown}
Potions
 d - 2 potions of might
 h - a potion of haste
 k - 2 potions of agility
 l - 3 potions of heal wounds {unknown}
 m - 3 potions of cancellation {unknown}
 r - 2 potions of curing {unknown}
 A - 2 potions of flight {unknown}
 B - a potion of degeneration {unknown}
 C - 2 potions of lignification {unknown}
Comestibles
 f - 3 bread rations
 n - a beef jerky
 z - 2 royal jellies
 G - a slice of pizza


   Skills:
 * Level 8.1(6.0) Fighting
 + Level 3.8(1.9) Axes
 + Level 7.1(5.0) Armour
 - Level 5.2(3.3) Dodging
 + Level 7.1(5.1) Shields


You had 8 spell levels left.
You didn't know any spells.

Dungeon Overview and Level Annotations

Branches:
Dungeon (7/15)             Temple (0/1) D:4

Altars:
Ashenzari
Cheibriados
Dithmenos
Makhleb
Nemelex Xobeh
Qazlal
Trog
Vehumet
Xom

Shops:
D:5 *


Innate Abilities, Weirdness & Mutations

You are resistant to damage.
You can recharge devices by infusing magical energy.
You passively map the area around you.
You do not regenerate naturally.
You are somewhat resistant to further mutation.


Message History

You hit the killer bee.
The killer bee is lightly wounded.
You slash the killer bee!
The killer bee is severely wounded.
* * * LOW HITPOINT WARNING * * *
You feel very sick. The killer bee barely misses you. x2
The killer bee stings you but does no damage.
You block the killer bee's attack. The killer bee closely misses you. x3
You closely miss the killer bee.
The killer bee is lightly wounded.
You closely miss the killer bee.
The killer bee is moderately wounded.
You miss the killer bee. x2
The killer bee is severely wounded.
You miss the killer bee.
* * * LOW HITPOINT WARNING * * *
You feel very sick. The killer bee stings you. x2
You die...

,* * , ###...##....... *,
* #. ##......#....... ,
##.##............... *
###.... #............. ,
. .....# #............. *
.#* *#..># #.............
**#. #...###...†.#.......
# .##
#..yy#......#....... ##.
..###..@y...............
..#
*#.##...yy#####..........
* #.# #.........#
#..##......
#.###)......#..###..#
......
#...)#.....##..#..##
......
###.)...##...##....##
,,..
###..)....####...#..... ,
#........## ##........ ,,
, #......).# ##.........
,


You could see 5 killer bees.

Vanquished Creatures
  Grinder (D:4)
  Eustachio (D:4)
  2 sky beasts
  A phantom (D:4)
  2 ogres (D:5)
  2 centaurs
  The ghost of RudyRod the Magician, an amateur DsWz (D:3)
  A giant frog (D:7)
  A water moccasin zombie (D:5)
  A wyvern skeleton (D:6)
  3 scorpions
  3 killer bees (D:7)
  4 wights (D:7)
  2 electric eels (D:6)
  2 crimson imps (D:6)
  2 hounds (D:4)
  A quasit (D:6)
  3 orc priests
  A jelly (D:6)
  A giant frog skeleton (D:7)
  2 centaur skeletons (D:5)
  A gnoll shaman (D:6)
  Ijyb (D:3)
  An iguana (D:4)
  6 orc wizards
  7 worker ants
  A killer bee zombie (D:4)
  A hound zombie (D:5)
  8 adders
  9 gnolls
  A shadow imp (D:5)
  2 adder skeletons
  2 adder zombies
  2 worms (D:2)
  A dart slug (D:1)
  3 giant geckos
  12 orcs
  A ball python (D:1)
  8 giant cockroaches
  5 hobgoblins
  A quokka (D:3)
  7 bats
  6 giant newts
  6 goblins
  12 kobolds
  A quokka zombie (D:7)
  2 rats
144 creatures vanquished.

Notes
Turn   | Place    | Note
--------------------------------------------------------------
     0 | D:1      | lorenzova the Deep Dwarf Fighter began the quest for the Orb.
     0 | D:1      | Reached XP level 1. HP: 20/20 MP: 1/1
    85 | D:1      | Found a snail-covered altar of Cheibriados.
   167 | D:1      | Reached XP level 2. HP: 24/27 MP: 2/2
   219 | D:1      | Reached skill level 3 in Fighting
   680 | D:2      | Reached skill level 1 in Dodging
   680 | D:2      | Reached XP level 3. HP: 26/34 MP: 3/3
  1023 | D:2      | Found a bloodstained altar of Trog.
  1153 | D:2      | Found a radiant altar of Vehumet.
  1153 | D:2      | Found a burning altar of Makhleb.
  1206 | D:2      | Became a worshipper of Makhleb the Destroyer
  1218 | D:2      | Reached XP level 4. HP: 20/43 MP: 4/4
  1434 | D:3      | Noticed Ijyb
  1450 | D:3      | Killed Ijyb
  1450 | D:3      | Reached skill level 4 in Fighting
  1450 | D:3      | Reached XP level 5. HP: 41/50 MP: 5/5
  1531 | D:3      | Reached * piety under Makhleb
  1540 | D:3      | Noticed RudyRod's ghost (amateur DsWz)
  1560 | D:3      | Killed RudyRod's ghost
  1560 | D:3      | Reached XP level 6. HP: 32/58 MP: 6/6
  1746 | D:3      | Found a shattered altar of Ashenzari.
  2122 | D:4      | Found a staircase to the Ecumenical Temple.
  2269 | D:4      | Noticed Eustachio
  2288 | D:4      | Killed Eustachio
  2288 | D:4      | Reached skill level 5 in Fighting
  2309 | D:4      | Reached skill level 5 in Armour
  2309 | D:4      | Reached XP level 7. HP: 32/67 MP: 7/7
  2318 | D:4      | Found a shadowy altar of Dithmenos.
  2377 | D:4      | Noticed Grinder
  2378 | D:4      | Reached skill level 5 in Shields
  2396 | D:4      | Killed Grinder
  2396 | D:4      | Reached ** piety under Makhleb
  2674 | D:4      | Reached skill level 6 in Fighting
  2707 | D:4      | Reached XP level 8. HP: 51/76 MP: 8/8
  2848 | D:4      | Found a shimmering altar of Xom.
  2857 | D:4      | Found a sparkling altar of Nemelex Xobeh.
  3026 | D:5      | Entered Level 5 of the Dungeon
  3429 | D:5      | Reached skill level 5 in Dodging
  3889 | D:5      | Found Lixinoysch's Serpentskin Sales.
  3954 | D:5      | Reached skill level 7 in Fighting
  4157 | D:5      | Gained mutation: You are somewhat resistant to further mutation. [potion of beneficial mutation]
  4448 | D:6      | Found a stormy altar of Qazlal.
  4528 | D:6      | Reached *** piety under Makhleb
  4528 | D:6      | Gained mutation: You passively map the area around you. [Deep Dwarf growth]
  4528 | D:6      | Reached XP level 9. HP: 55/86 MP: 8/8
  5407 | D:7      | Reached skill level 8 in Fighting
  5474 | D:7      | HP: 2/88 [poisoned by a killer bee]
  5474 | D:7      | Slain by a killer bee

Skill      XL: |  1  2  3  4  5  6  7  8  9 |
---------------+----------------------------+-----
Fighting       | 3 4 5 6 7 8 |  8.1
Dodging        | 1 2 3 4 5 |  5.2
Armour         | 4 5 6 7 |  7.1
Shields        | 4 5 6 7 |  7.1
Axes           | 3 |  3.8

Action                   |  1- 3 |  4- 6 |  7- 9 || total
-------------------------+-------+-------+-------++-------
Melee: War axe           |   136 |   153 |   443 ||   732
 Abil: Device Recharging |       |       |     3 ||     3
Evoke: Wand              |       |     3 |    18 ||    21
  Use: Scroll            |       |       |     3 ||     3
       Potion            |       |       |     1 ||     1
 Stab: Confused          |       |       |     2 ||     2
  Eat: Chunk             |     1 |     4 |     6 ||    11
       Meat ration       |       |       |     1 ||     1
Armor: Scale mail        |    63 |    89 |   204 ||   356
Dodge: Dodged            |    53 |    66 |   234 ||   353
Block: Shield            |    78 |    99 |   310 ||   487
